Cogmind - Beta 13 @@@ ROGUE MODE // 2024.04.05 @ 10:04:44 // Winter2019/RPGLIKE Player: Bulbasornado Result: Destroyed self via exploding Plasma Injector Performance ------------- Evolutions (0) 0 Regions Visited (2) 400 Robots Destroyed (49) 245 Value Destroyed (1265) 1265 Prototype IDs (2) 40 Alien Tech Used (0) 0 Bonus (224) 224 TOTAL SCORE: 2174 Bonus ------- High Alert Combat Kills 224 Cogmind --------- Core Integrity 0/650 Matter 290/300 Energy 224/250 System Corruption 1% Temperature Cool (12) Movement Flying (31) Location -10/Mines Parts ------- > --- POWER (1) -------- Ion Engine > --- PROPULSION (4) --- Flight Unit Flight Unit Flight Unit Flight Unit > --- UTILITY (3) ------ Improved Heat Sink Backup Plating III Backup Plating III > --- WEAPON (2) ------- Hammer Hammer > --- INVENTORY (0) ---- (None) Peak State ------------ > --- POWER ------------ Ion Engine > --- PROPULSION ------- Flight Unit Flight Unit Flight Unit Flight Unit > --- UTILITY ---------- Improved Heat Sink Backup Plating III Backup Plating III > --- WEAPON ----------- Hammer Hammer > --- INVENTORY -------- (None) [Rating: 16] Favorites ----------- Power Light Ion Engine Engine Light Ion Engine Propulsion Flight Unit Treads Light Treads Flight Unit Flight Unit Utility Tractor Beam Device Tractor Beam Storage High-capacity Matter Pod Protection Backup Plating III Weapon Assault Rifle Energy Cannon Beam Cannon Ballistic Gun Assault Rifle Impact Weapon Hammer Build | -11 -10 -10 ------- Run | Yrd Mat Min Slots Evolved 6 | 3 3 . Power . | . . . Propulsion 3 | 1 2 . Utility 2 | 1 1 . Weapon 1 | 1 . . Parts Attached 31 | 7 23 1 Power 4 | 1 3 . Engine 4 | 1 3 . Core . | . . . Reactor . | . . . Propulsion 6 | 2 4 . Treads 2 | 2 . . Leg . | . . . Wheel . | . . . Hover . | . . . Flight 4 | . 4 . Utility 14 | 2 11 1 Device 10 | 2 7 1 Storage 2 | . 2 . Processor . | . . . Hackware . | . . . Protection 2 | . 2 . Artifact . | . . . Weapon 7 | 2 5 . Energy Gun . | . . . Energy Cannon 1 | . 1 . Ballistic Gun 2 | 2 . . Ballistic Cannon . | . . . Launcher . | . . . Special Weapon . | . . . Impact Weapon 4 | . 4 . Slashing Weapon . | . . . Piercing Weapon . | . . . Special Melee Weapon . | . . . Unidentified Prototypes . | . . . Parts Lost . | . . . Power . | . . . Propulsion . | . . . Utility . | . . . Weapon . | . . . Highest Loss Streak . | . . . To Critical Strikes . | . . . Average Slot Usage (%) 98 | . 98 100 Engine 13 | . 13 10 Treads 13 | . 13 . Flight 16 | . 15 40 Device 25 | . 25 10 Storage 2 | . 2 . Protection 1 | . . 20 Ballistic Gun 15 | . 15 . Impact Weapon 10 | . 10 20 Naked Turns . | . . . Heaviest Build 17 | 9 17 14 Greatest Support 26 | 13 26 26 Greatest Overweight (x) . | . . . Average Overweight (x) . | . . . Largest Inventory Capacity . | . . . Average Capacity . | . . . Most Carried . | . . . Average Carried . | . . . Final Capacity . | . . . Final Carried . | . . . Class Distribution -------------------- 53% | Mutant 25% | Scavenger-Gladiator 13% | Scavenger-Sprinter 5% | Sprinter Dominant Class ---------------- Mutant | -10/Materials Scavenger-Sprinter | -10/Mines Resources | -11 -10 -10 ----------- Run | Yrd Mat Min Matter Collected 1091 | 294 782 15 Remotely 708 | 36 672 . Salvage Created 1505 | 120 1260 125 Parts 71 | 6 60 5 Haulers Intercepted 2 | . 2 . Recyclers Shooed 4 | . 4 . Parts Field Recycled . | . . . Retrieved Matter . | . . . Parts Self-Destructed . | . . . Prevented . | . . . Kills | -11 -10 -10 ------- Run | Yrd Mat Min Combat Hostiles Destroyed 26 | . 24 2 Melee 13 | . 11 2 Guns 9 | . 9 . Classes Destroyed 9 | 2 7 . Worker 6 | . 6 . Builder 3 | . 3 . Tunneler 2 | 1 1 . Hauler 2 | . 2 . Recycler 4 | 1 3 . Operator 3 | . 3 . Watcher 3 | . 3 . Swarmer 6 | . 6 . Grunt 20 | . 18 2 Best Kill Streak 8 | 2 8 2 Combat Bots Only 4 | . 4 2 Max Kills in Single Turn 1 | 1 1 1 Gunslinging . | . . . Exploded . | . . . Melee 1 | . 1 1 Uniques/NPCs Destroyed . | . . . Combat | -11 -10 -10 -------- Run | Yrd Mat Min Hostile Shots Fired 106 | . 101 5 Missed 33 | . 31 2 Damage Taken 1295 | . 1217 78 Core 1094 | . 1030 64 Absorbed by Shields . | . . . Redirected to Core 687 | . 633 54 Ignored by Resistances 10 | . 4 6 Core Remaining (%) 100 | 100 . . Volleys Fired 61 | 4 57 . Largest 2 | 2 2 . Hottest 40 | 40 40 . Shots Fired 122 | 8 114 . Gun 122 | 8 114 . Cannon . | . . . Launcher . | . . . Special . | . . . Kinetic 122 | 8 114 . Thermal . | . . . Explosive . | . . . Electromagnetic . | . . . Robot Hit Streak 7 | 3 7 . Robot Miss Streak 2 | 1 2 . Penetration Max . | . . . Secondary Targets 1 | . 1 . Max Gunslinging Chain 1 | . 1 . Shots Hit Robots 148 | 6 138 4 Core Hits 45 | 3 40 2 Critical Kills 3 | . 2 1 Critical Parts Destroyed 11 | . 11 . Critical Strikes 14 | . 13 1 Destroy 1 | . 1 . Smash 13 | . 12 1 Melee Attacks 157 | . 150 7 Impact 157 | . 150 7 Slashing . | . . . Piercing . | . . . Sneak Attacks 11 | . 10 1 Combat Hostiles 2 | . 1 1 Follow-up Attacks 3 | . 3 . Damage Inflicted 3374 | 73 3137 164 Guns 1146 | 73 1073 . Cannons . | . . . Explosions 154 | . 154 . Melee 2074 | . 1910 164 Ramming . | . . . Kinetic 1146 | 73 1073 . Thermal 154 | . 154 . Explosive . | . . . Electromagnetic . | . . . Impact 2074 | . 1910 164 Slashing . | . . . Piercing . | . . . Highest Corruption 1 | . 1 1 Average Corruption 1 | . 1 1 Corruption Purged . | . . . Corruption Blocked . | . . . Effects 2 | . 2 . Message Errors 1 | . 1 . Matter Fused 1 | . 1 . Overload Shots . | . . . Overflow Damage 557 | . 557 . Projectiles . | . . . Explosions 42 | . 42 . Melee 515 | . 515 . Knockbacks 14 | . 13 1 Impact 14 | . 13 1 Kinetic . | . . . Secondary . | . . . Self-Inflicted Damage 551 | . 502 49 Shots 8 | . 7 1 Rammed . | . . . Targets Rammed . | . . . Kicked . | . . . Crushed . | . . . Highest Temperature 4 | . 4 . Average Temperature 3 | . 3 . Received Heat Transfer 312 | . 294 18 Siege Activations . | . . . Robots Corrupted . | . . . Combat Hostiles . | . . . Parts Fried 15 | . 15 . Impact Corruptions 30 | . 30 . Robots Melted . | . . . Combat Hostiles . | . . . Parts Melted . | . . . Heat Transferred 100 | . 100 . Parts Sabotaged . | . . . Parts Stolen . | . . . Parts Stripped . | . . . Power Chain Reactions . | . . . Alert | -11 -10 -10 ------- Run | Yrd Mat Min Peak Influence 1302 | 10 1302 533 Initial 483 | . 6 483 Average 400 | 5 408 522 Maximum Alert Level 4 | . 4 2 Low Security (%) 49 | 100 48 . Level 1 13 | . 13 . Level 2 7 | . 6 100 Level 3 19 | . 19 . Level 4 10 | . 11 . Level 5 . | . . . High Security . | . . . Max Security . | . . . Squads Dispatched 7 | . 7 . Investigation 5 | . 5 . Extermination . | . . . Reinforcement 2 | . 2 . Assault . | . . . Garrison . | . . . Intercept . | . . . Searches Triggered . | . . . Construction Impeded . | . . . Haulers Reinforced . | . . . Active Scanning Responses . | . . . Cargo Convoy Interrupts . | . . . Stealth | -11 -10 -10 --------- Run | Yrd Mat Min Distress Signals 2 | . 2 . Communications Jammed . | . . . Distress Signals . | . . . Times Spotted 37 | . 36 1 Peak Tracking Total 4 | . 4 1 Tactical Retreats 4 | . 4 . Traps | -11 -10 -10 ------- Run | Yrd Mat Min Traps Triggered 1 | . 1 . Indirectly 1 | . 1 . Trap Hack Attempts . | . . . Triggered . | . . . Disarmed . | . . . Reprogrammed . | . . . Reused . | . . . Traps Extracted . | . . . Installed . | . . . Triggered . | . . . Machines | -11 -10 -10 ---------- Run | Yrd Mat Min Machines Disabled 37 | . 36 1 Max in Single Turn 2 | . 2 1 Machines Repaired . | . . . Machines Dismantled . | . . . Machines Sabotaged . | . . . Overloaded Fab Kills . | . . . Hacking | -11 -10 -10 --------- Run | Yrd Mat Min Machines Accessed 9 | . 9 . Terminals 6 | . 6 . Fabricators . | . . . Repair Stations 1 | . 1 . Recycling Units 2 | . 2 . Scanalyzers . | . . . Garrison Access . | . . . Total Hacks 46 | . 46 . Successful 29 | . 29 . Failed 16 | . 16 . Catastrophic 3 | . 3 . Database Lockouts 1 | . 1 . Manual 5 | . 5 . Terminals 37 | . 37 . Fabricators . | . . . Repair Stations 5 | . 5 . Recycling Units 4 | . 4 . Scanalyzers . | . . . Garrison Access . | . . . Terminal Hacks 24 | . 24 . Record 5 | . 5 . Robot Analysis 1 | . 1 . Prototype ID Bank 1 | . 1 . Branch Access Points 1 | . 1 . Emergency Access Points 1 | . 1 . Terminal Index 1 | . 1 . Alert Level 2 | . 2 . Locate Traps 3 | . 3 . Dispatch Records 2 | . 2 . Maintenance Status 1 | . 1 . Security Status 1 | . 1 . Patrol Status 1 | . 1 . Reinforcement Status 1 | . 1 . Assault Status 2 | . 2 . Hauler Manifests 1 | . 1 . Fabricator Hacks . | . . . Repair Station Hacks 1 | . 1 . Scan Component 1 | . 1 . Recycling Unit Hacks 3 | . 3 . Report Inventory 2 | . 2 . Retrieve Components 1 | . 1 . Scanalyzer . | . . . Garrison Access Hacks . | . . . Unauthorized Hacks 1 | . 1 . Terminals . | . . . Fabricators . | . . . Repair Stations . | . . . Recycling Units 1 | . 1 . Tunnel 1 | . 1 . Scanalyzers . | . . . Garrison Access . | . . . Data Cores Recovered . | . . . Used . | . . . Hacking Detections 7 | . 7 . Full Trace Events 7 | . 7 . Feedback Events . | . . . Feedback Blocked . | . . . Robot Schematics Acquired . | . . . Robots Built . | . . . Authchips . | . . . Time . | . . . Total Robot Build Rating . | . . . Part Schematics Acquired . | . . . Parts Built . | . . . Authchips . | . . . Time . | . . . Total Part Build Rating . | . . . Parts Repaired . | . . . Time . | . . . Parts Recycled . | . . . Recycled Matter . | . . . Retrieved Matter . | . . . Retrieved Components 3 | . 3 . Parts Scanalyzed . | . . . Part Schematics Acquired . | . . . Parts Damaged . | . . . Bothacking | -11 -10 -10 ------------ Run | Yrd Mat Min Used RIF Installer . | . . . Robots Hacked . | . . . Non-combat . | . . . Combat . | . . . Robot Hacks Applied . | . . . Relay Couplers Released . | . . . Fabnet Peak Effective % . | . . . Robots Rewired . | . . . Allies Hacked . | . . . Hacks Repelled . | . . . Allies | -11 -10 -10 -------- Run | Yrd Mat Min Total Allies . | . . . Largest Group . | . . . Highest-Rated Group . | . . . Highest-Rated Ally . | . . . Total Orders . | . . . Ally Attacks . | . . . Total Damage . | . . . Kills . | . . . Allies Corrupted . | . . . Allies Melted . | . . . Intel | -11 -10 -10 ------- Run | Yrd Mat Min Robot Analysis Total 1 | . 1 . Derelict Logs Recovered . | . . . Drone Launches . | . . . Drone Recoveries . | . . . Exploration | -11 -10 -10 ------------- Run | Yrd Mat Min Turns Passed 2120 | 52 2049 19 Spaces Moved 1670 | 59 1594 17 Core 196 | 59 137 . Treads . | . . . Legs . | . . . Wheels . | . . . Hover . | . . . Flight 1474 | . 1457 17 Fastest Speed 31 | 50 31 31 Average Speed 35 | 50 35 31 Slowest Speed 50 | 50 50 31 Overloaded Moves . | . . . Propulsion Burnouts . | . . . Robots Hopped 1 | . 1 . Cave-ins Triggered . | . . . Exploration Rate (%) 38 | 3 99 12 Regions Visited 2 Branch Regions 1 Pre-discovered Areas 1 | . 1 . Known Exits Taken 1 | . 1 . Unknown Exits Taken 1 | 1 . . Scrap Searched . | . . . Spaces Dug 14 | . 14 . Terrain Destroyed 76 | . 76 . Melee 14 | . 14 . Projectile . | . . . AOE 62 | . 62 . Terrain Rammed . | . . . Walls Destroyed . | . . . Machines Disabled . | . . . Actions | -11 -10 -10 --------- Run | Yrd Mat Min Total 2825 | 69 2732 24 Wait 890 | . 890 . Move 1666 | 58 1591 17 Hop 1 | . 1 . Pick Up . | . . . Fast Attach 23 | 7 16 . Attach . | . . . Detach . | . . . Swap 8 | . 7 1 Drop 21 | . 20 1 Fire 61 | 4 57 . Melee 133 | . 128 5 Ram . | . . . Kick . | . . . Crush . | . . . Escape Stasis . | . . . Rewire . | . . . Trap . | . . . Miscellaneous 22 | . 22 . Route ------- -11/Scrapyard -10/Materials (discovered 5 exits: [*Mat x3] / *Min x2) -10/Mines History --------- Turn | Location | Event 3 | -11/Scrapyard | Upgraded with Weapon slot (x1) 15 | -11/Scrapyard | Discovered new exit (range 12) 37 | -11/Scrapyard | Upgraded with Propulsion slot (x1) 47 | -11/Scrapyard | Upgraded with Utility slot (x1) 53 | -11/Scrapyard | Entered Materials 316 | -10/Materials | Build established: Mutant 859 | -10/Materials | Central database locked down 1035 | -10/Materials | Identified exit to Mines 1037 | -10/Materials | Discovered new exit (range 3) 1247 | -10/Materials | Reached level 2 1439 | -10/Materials | Discovered new exit (range 12) 1464 | -10/Materials | Build established: Scavenger-Gladiator 1469 | -10/Materials | Discovered new exit (range 9) 1481 | -10/Materials | Reached level 3 1609 | -10/Materials | Upgraded with Propulsion slot (x1) 1609 | -10/Materials | Upgraded with Utility slot (x1) 1704 | -10/Materials | Reached level 4 1722 | -10/Materials | Upgraded with Propulsion slot (x1) 1891 | -10/Materials | Core integrity fell below 50% 1978 | -10/Materials | Core integrity fell below 20% 2102 | -10/Materials | Entered Mines 2104 | -10/Mines | Reached level 5 2121 | -10/Mines | Destroyed self via exploding Plasma Injector Last Messages --------------- 02050_ Dropped Hcp. Matter Pod. 02051_ Acquired Heat Sink. 02056_ Acquired 10 matter. 02064_ Dropped Ion Engine. 02067_ Acquired 10 matter. 02090_ Dropped Hammer. 02101_ System corrupted: Matter fused (-5). LOCATION=MINES GOAL=ESCAPE 02102_ Upgraded: Core Integrity (+50) 02102_ Sneak attack on G-47 Trooper. 02102_ G-47 Trooper destroyed. 02104_ Reached level 5. 02105_ Acquired 15 matter. 02106_ Upgraded: Melee Accuracy (+5) 02108_ G-34 Mercenary knocked back. 02112_ G-34 Mercenary suffers critical hit (Smash). 02112_ G-34 Mercenary destroyed. 02115_ Dropped Heat Sink. 02121_ Plasma Injector explodes. Map ----- +----------------------------------------------------+ | ???????????? #??????????????????? | | ???????????? #??????????????????? | | ???????????? #??????????????????? | | ???????????? #??????????????????? | | ???????????? #??????????????????? | | ???????????# #??????????????????? | | ???????????# #??????????????????? | | ???????????# #??????????????????? | | ????????#### ##?????????????????? | | ????????# #?????????????????? | | ????????# #?????????????????? | | ????????# #########?????????? | | ????????#%[= ??????????? | | ????????#%!% #?????????????????? | | ????????#* * ####??????????????? | | ????????# #??????????????? | | ????????# ## #??????????????? | | ????????# #??#??????????????? | | ????????##### ##?????????????????? | | ????#####???# #??????????????????? | | ???## ##?# #????##????????????? | | ???# ### # #????????????? | | ???# #?????????? | | ???# ##### #????????? | | ???# ##????# ?? #????????? | | ???## @ #?????? ???????????? | | ????##### #??? ?????????? | | ????????# ##### #???? ##????????? | | ????????# #?????????????????????? | | ????????# #?????????????????????? | | ????????# #?????????????????????? | | ????????# #?????????????????????? | | ????????# #?????????????????????? | | ????????# #?????????????????????? | | ????????# #?????????????????????? | | ????????# #?????????????????????? | | ????????? #?????????????????????? | | ????????? #?????????????????????? | | ????????? ??????????????????????? | | ????????? ??????????????????????? | | ????????? ??????????????????????? | | ?????????????????????????????????? | | ?????????????????????????????????? | | ?????????????????????????????????? | | ?????????????????????????????????? | | ?????????????????????????????????? | | ?????????????????????????????????? | | ?????????????????????????????????? | | ?????????????????????????????????? | | ?????????????????????????????????? | +----------------------------------------------------+ Best States ------------- Heat Dissipation 39 Energy Generation 10 Energy Capacity 250 Matter Stores 500 Matter Capacity 500 Sight Range 16 Terrain Scan Range 16 Terrain Scan Density 10 Armor Coverage 160 Resistance: TH 5 Evasion (%) 63 Offensive Hacking 10 Defensive Hacking 5 Item Schematics ----------------- None Robot Schematics ------------------ None Fabricated ------------ Nothing Alien Tech Used ----------------- None Achievements -------------- None Challenges ------------ None RPGLIKE | -11 -10 -10 --------- Run | Yrd Mat Min Levels Raised 4 | . 3 1 XP Earned 9595 | 3000 5817 778 XP Spent 7875 | 3000 4250 625 Upgrades 18 | 8 8 2 Propulsion Slot 3 | 1 2 . Utility Slot 2 | 1 1 . Weapon Slot 1 | 1 . . Core Integrity 1 | . . 1 Mass Support 2 | 2 . . Melee Accuracy 5 | . 4 1 Hack Attack % 2 | 2 . . Hack Defense % 1 | 1 . . TH Resistance % 1 | . 1 . Protomatter Created 300 | . 300 . Integrity Restored 435 | . 435 . Core 435 | . 435 . Protomatter Decayed 71 | . 71 . Game ------ Seed TeslaRemoteStripper Manual? 0 Play Time 00:38:04 Cumulative 35.5 hours Start 2024.04.05 @ 09:14:55 End 2024.04.05 @ 10:04:44 Sessions 1 Manual Loads 0 Difficulty Rogue Special Mode Winter2019/RPGLIKE Game No. 16 Rogue 15 Adventurer 1 Explorer 0 Win Type - Total 0 Types 0/0/0/0/0/0/0/0/0 Lore% 21 Gallery% 25 Achievement% 19 Wizard Run 0 Options --------- Layout 0 ASCII 0 Keyboard 0 Movement Mouse Keybinds 0 Fullscreen 2 Font 18/Smallcaps Map View 76x50 Zoom Use 0% Tactical HUD 1 Map Filters NONE Filters NONE Steam 1 RUN: d3af5351-5a9f-476c-a367-41dfccd364d1